 Dungeon Crawl Stone Soup version 0.30-a0-802-gb92711bcdf (webtiles) character file.

Game seed: 8498459226256199479

793 Strat the Cudgeller (level 7, -1/44 HPs)
             Began as a Gargoyle Reaver on Feb 24, 2023.
             Slain by a killer bee (6 damage)
             ... on level 5 of the Dungeon.
             The game lasted 00:10:19 (4381 turns).

Strat the Cudgeller (Gargoyle Reaver)               Turns: 4381, Time: 00:10:20

Health: -1/44      AC: 20    Str: 17    XL:     7   Next: 88%
Magic:  8/10       EV: 11    Int: 14    God:
Gold:   48         SH:  0    Dex:  8    Spells: 4/10 levels left

rFire   . . .      SeeInvis .    a - +2 morningstar (protect)
rCold   . . .      Faith    .    (no shield)
rNeg    + . .      Spirit   .    B - +0 leather armour
rPois   ∞          Reflect  .    x - +0 helmet
rElec   +          Harm     .    o - +0 cloak
rCorr   .          Rampage  .    D - +0 pair of gloves
Will    .....                    F - +1 pair of boots
Stlth   +                        (no amulet)
HPRegen 0.27/turn                (no ring)
MPRegen 0.12/turn                (no ring)

@: under a protective aura, very slightly contaminated
A: sickness immunity, AC +4, negative energy resistance 1, electricity
resistance, torment resistance 1, petrification resistance
a: no special abilities


You were on level 5 of the Dungeon.
You visited 1 branch of the dungeon, and saw 5 of its levels.

You collected 323 gold pieces.
You spent 275 gold pieces at shops.

Inventory:

Hand Weapons
 a - a +2 morningstar of protection (weapon)
 b - a +2 mace of draining
 z - a +0 mace
 C - a +0 flail
Missiles
 n - 15 poisoned darts
Armour
 l - a +0 buckler
 o - a +0 cloak (worn)
 x - a +0 helmet (worn)
 B - a +0 leather armour (worn)
 D - a +0 pair of gloves (worn)
 F - a +1 pair of boots (worn)
Wands
 k - a wand of flame (17)
Scrolls
 d - a scroll of amnesia
 f - a scroll of vulnerability
 p - 2 scrolls of immolation
 q - a scroll of silence
Potions
 e - a potion of attraction
 g - a potion of ambrosia
 j - 2 potions of heal wounds
 m - 2 potions of cancellation
 t - 4 potions of curing {unknown}
 u - a potion of flight {unknown}
 v - a potion of berserk rage {unknown}
 w - a potion of mutation {unknown}
 H - a potion of degeneration {unknown}


   Skills:
 + Level 4.5 Fighting
 * Level 7.1 Maces & Flails
 + Level 3.1 Armour
 - Level 1.5 Dodging
 - Level 2.0 Spellcasting
 - Level 4.0 Conjurations
 - Level 1.0 Translocations


You had 4 spell levels left.
You knew the following spells:

 Your Spells              Type           Power      Damage    Failure   Level
a - Kiss of Death         Conj/Necr      28%        2d7       12%         1
b - Momentum Strike       Conj/Tloc      16%        3d8       16%         2
c - Hailstorm             Conj/Ice       7%         3d4       36%         3

Your spell library contained the following spells:

 Spells                   Type           Power      Damage    Failure   Level
 Magic Dart               Conj           48%        1d5       5%          1
 Call Imp                 Summ           1%         N/A       38%         2
 Mephitic Cloud           Conj/Pois/Air  5%         N/A       45%         3
 Portal Projectile        Hex/Tloc       4%         N/A       56%         3
 Call Canine Familiar     Summ           1%         N/A       63%         3
 Leda's Liquefaction      Hex/Erth       0%         N/A       95%         4


Dungeon Overview and Level Annotations

Branches:
Dungeon (5/15)
 Temple: D:4-7

Altars:
Elyvilon
Makhleb
Vehumet

Shops:
D:5 (*?[

Annotations:
D:5 1 runed translucent door, Crazy Yiuf


Innate Abilities, Weirdness & Mutations

You are immune to sickness and miasma.
Your stone body is resilient. (AC +4)
You are immune to poison.
You resist negative energy. (rN+)
You are resistant to electric shocks. (rElec)
You are resistant to unholy torment.
You are immune to petrification.


Message History

Press: ? - help, Dir - move target, f - killer bee
Aim: a killer bee (39% to hit)
You miscast Momentum Strike.
You are very lightly contaminated with residual magic.
Nothing appears to happen.
The killer bee stings you but does no damage.
The killer bee closely misses you. The killer bee stings you.
* * * LOW HITPOINT WARNING * * *
The killer bee barely misses you.
You hit the killer bee.
Your weapon exudes an aura of protection.
The killer bee is lightly wounded.
The killer bee stings you but does no damage.
The killer bee misses you. The killer bee closely misses you.
The killer bee stings you.
* * * LOW HITPOINT WARNING * * *
You hit the killer bee.
The killer bee is moderately wounded.
The killer bee stings you but does no damage.
The killer bee stings you.
* * * LOW HITPOINT WARNING * * *
The killer bee misses you.
The killer bee stings you but does no damage.
You closely miss the killer bee.
The killer bee is moderately wounded.
The killer bee stings you.
* * * LOW HITPOINT WARNING * * *
The killer bee stings you.
* * * LOW HITPOINT WARNING * * *
The killer bee barely misses you. The killer bee closely misses you.
The killer bee stings you but does no damage.
The killer bee closely misses you.
You closely miss the killer bee.
The killer bee is moderately wounded.
The killer bee closely misses you.
The killer bee stings you but does no damage.
The killer bee stings you.
* * * LOW HITPOINT WARNING * * *
The killer bee stings you.
You die...

#..######.........##.....#.......
#..#...#.................#.......
...#...#.................#.......
#..'...#.................#.......
#..#...##.....##.........#.......
...#...##.....##..###'####.......
...#...##.........##### ########
...#...##..........#
...#...##.....##@y.##♣♣♣♣♣
...#...##.....##y##....♣.♣♣♣**###
...#..........##yy......♣..♣#...#
...#.......y....y......♣♣♣♣.+...#
...#..................♣♣ ♣♣#..)#
...#...##.....##..###♣♣ **###
...#...##.....#####
...#....#.....##..#
...#....+.....+...###############


You could see 5 killer bees.

Vanquished Creatures
  Sigmund (D:5)
  A black bear (D:5)
  2 phantoms (D:5)
  A scorpion (D:5)
  2 hounds (D:5)
  3 iguanas
  Robin (D:3)
  4 gnolls
  5 adders
  A white imp (D:5)
  3 dart slugs
  7 orcs
  8 ball pythons
  6 endoplasms
  3 giant cockroaches
  12 goblins
  10 hobgoblins
  5 kobolds
  3 quokkas
  6 bats
  4 rats
88 creatures vanquished.

Vanquished Creatures (others)
  A fungus (D:5)
1 creature vanquished.

Grand Total: 89 creatures vanquished

Notes
Turn   | Place    | Note
-------+----------+-------------------------------------------
     0 | D:1      | Strat the Gargoyle Reaver began the quest for the Orb.
     0 | D:1      | Reached XP level 1. HP: 12/12 MP: 3/3
    68 | D:1      | Reached XP level 2. HP: 8/18 MP: 1/5
   162 | D:1      | Learned a level 2 spell: Momentum Strike
   268 | D:1      | Reached XP level 3. HP: 22/22 MP: 6/6
  1289 | D:2      | Found a faded altar of an unknown god.
  1758 | D:3      | Noticed Robin
  1762 | D:2      | Reached skill level 4 in Maces & Flails
  1809 | D:2      | Reached XP level 4. HP: 26/28 MP: 7/7
  2028 | D:3      | Killed Robin
  2195 | D:3      | Identified the +1 leather armour "Axear" {rCorr Int+2 Dex+7
                  | Slay-2}
  2587 | D:4      | Learned a level 3 spell: Hailstorm
  2661 | D:4      | Reached XP level 5. HP: 25/32 MP: 8/8
  2847 | D:4      | Reached skill level 5 in Maces & Flails
  2964 | D:4      | Found a radiant altar of Vehumet.
  3094 | D:4      | You fall into a shaft and drop 1 floor!
  3094 | D:5      | Entered Level 5 of the Dungeon
  3165 | D:5      | Found a white marble altar of Elyvilon.
  3205 | D:5      | Reached XP level 6. HP: 35/36 MP: 9/9
  3259 | D:5      | Reached skill level 1 in Armour
  3297 | D:5      | Noticed Sigmund
  3344 | D:5      | Killed Sigmund
  3345 | D:5      | Reached skill level 6 in Maces & Flails
  3345 | D:5      | Reached skill level 1 in Translocations
  3484 | D:5      | Found Nydghere's Antique Weapon Shoppe.
  3492 | D:5      | Bought a runed morningstar for 140 gold pieces
  3508 | D:5      | Found Utiw's General Store.
  3525 | D:5      | Reached XP level 7. HP: 33/42 MP: 8/10
  3677 | D:5      | Found a burning altar of Makhleb.
  3767 | D:5      | Found Itotyc's Antique Armour Shop.
  3789 | D:5      | Bought a pair of boots for 135 gold pieces
  3804 | D:5      | Found Yqyph's Magic Scroll Boutique.
  3894 | D:5      | Found a runed translucent door.
  4076 | D:5      | Reached skill level 7 in Maces & Flails
  4355 | D:5      | Noticed Crazy Yiuf
  4381 | D:5      | Slain by a killer bee

Illustrated notes

Levels and vault maps discovered:
D:1:      psy_arrival_fountain, layout_basic
D:2:      layout_basic, hellmonk_ecumenical_altar_crossroads
D:3:      layout_loops_ring, uniq_robin
D:4:      layout_basic, mainiacjoe_overflow_six_doors_small,
          nicolae_dithmenos_the_darkroom, mainiacjoe_overflow_catwalk,
          nicolae_vehumet_radiance, uniq_blork_the_orc
D:5:      layout_gridville, elyvilon_altar_1, makhleb_blood_cavern_becter,
          serial_shops, nicolae_shop_advertising_works
          [nicolae_subvault_shop_adworks], nicolae_shop_hallway_stairs,
          kennysheep_little_box, shop_coins, shop, uniq_sigmund,
          uniq_crazy_yiuf_cottage

Skill      XL: |  1  2  3  4  5  6  7 |
---------------+----------------------+-----
Maces & Flails | 4 5 6 7 |  7.1
Fighting       | 3 4 |  4.5
Conjurations   | 4 |  4.0
Armour         | 2 3 |  3.1
Translocations | 1 |  1.0
Dodging        | |  1.5
Spellcasting   | |  2.0

Action                     |  1- 3 |  4- 6 |  7- 9 || total
---------------------------+-------+-------+-------++-------
  Melee: Mace              |   126 |   140 |       ||   266
         Punch             |     1 |     1 |     1 ||     3
         Flail             |       |    49 |       ||    49
         Morningstar       |       |     3 |    49 ||    52
   Cast: Kiss of Death     |     1 |     2 |       ||     3
         Momentum Strike   |       |     7 |     2 ||     9
    Use: Potion            |       |     2 |       ||     2
         Scroll            |       |       |    15 ||    15
 Armour: Leather armour    |    70 |    83 |    34 ||   187
  Dodge: Dodged            |    95 |   121 |    47 ||   263

Table legend: (Time is in decaauts)
 A = Elapsed time spent in this place.
 B = Non-inter-level travel time spent in this place.
 C = Inter-level travel time spent in this place.
 D = Time resting spent in this place.
 E = Time spent auto-exploring this place.
 F = Levels seen in this place.
 G = Mean time per level.
                   A        B        C        D        E       F      G
               +--------+--------+--------+--------+--------+-----+--------+
         Total |   4448 |   4343 |    105 |    542 |   2691 |   5 |  889.6 |
       Dungeon |   4448 |   4343 |    105 |    542 |   2691 |   5 |  889.6 |
               +--------+--------+--------+--------+--------+-----+--------+

Top non-repeatable levels by time:
     D:5: 1298 daAuts
     D:1: 1107 daAuts
     D:2: 832 daAuts
     D:3: 689 daAuts
     D:4: 520 daAuts
